 Dungeon Crawl Stone Soup version 0.31-a0-182-gc5ef74bbde (webtiles) character file.

Game seed: 8230024444130125796

4020 Maxmaps the Carver (level 10, -5/63 (67) HPs)
             Began as a Demonspawn Reaver on June 21, 2023.
             Was an Initiate of Gozag.
             Slain by a wight
             ... wielding a +1 scimitar of electrocution
              (19 damage)
             ... on level 8 of the Dungeon.
             The game lasted 00:07:54 (8076 turns).

Maxmaps the Carver (Demonspawn Reaver)              Turns: 8076, Time: 00:07:56

HP:   -5/63 (67)    AC: 11    Str: 13    XL:     10   Next: 3%
MP:   13/13         EV:  9    Int: 18    God:    Gozag
Gold: 1251          SH:  0    Dex: 12    Spells: 12/13 levels left

rFire   . . .        a - +1 scimitar (freeze)
rCold   . . .        (no shield)
rNeg    . . .        p - +1 scale mail
rPois   .            (no helmet)
rElec   .            h - +0 cloak {rCorr}
rCorr   +            (no gloves)
SInv    .            (no boots)
Will    .....        (no amulet) Stlth
                     (no ring)
HPRegen 0.30/turn    (no ring)
MPRegen 0.13/turn

%: no passive effects
@: gold aura, drained
A: hooves 1, thin metallic scales 2, ignite blood 2, powered by death 1
a: Renounce Religion, Potion Petition, Call Merchant, Bribe Branch


You were on level 8 of the Dungeon.
You worshipped Gozag.
Gozag was most pleased with you.
You visited 2 branches of the dungeon, and saw 9 of its levels.
You also visited: Ossuary.

You collected 1321 gold pieces.
You paid 70 gold pieces to Gozag.

Inventory:

Hand Weapons
 a - a +1 scimitar of freezing (weapon)
 i - a +2 dagger of speed
 o - a +0 long sword
Armour
 h - a +0 cloak of preservation (worn)
 l - a +0 ring mail
 p - a +1 scale mail (worn)
 s - a +0 cloak
Jewellery
 f - a ring of flight
 j - a ring of fire
Wands
 k - a wand of acid (8)
 n - a wand of charming (8)
Scrolls
 b - a scroll of enchant armour
 e - 2 scrolls of teleportation
 t - 3 scrolls of identify
Potions
 d - 2 potions of attraction
 m - a potion of degeneration {unknown}
 q - 2 potions of curing
 r - a potion of mutation {unknown}
 u - a potion of cancellation {unknown}
 v - a potion of magic {unknown}


   Skills:
 - Level 2.0 Fighting
 + Level 13.4 Long Blades
 - Level 1.7 Dodging
 - Level 2.0 Spellcasting
 - Level 3.0 Conjurations


You had 12 spell levels left.
You knew the following spells:

 Your Spells              Type           Power      Damage    Failure   Level
a - Kiss of Death         Conj/Necr      28%        2d7       43%         1

Your spell library contained the following spells:

 Spells                   Type           Power      Damage    Failure   Level
 Momentum Strike          Conj/Tloc      14%        3d8       58%         2
 Apportation              Tloc           2%         N/A       65%         1
 Blink                    Tloc           2%         N/A       80%         2
 Lesser Beckoning         Tloc           2%         N/A       80%         2
 Dazzling Flash           Conj/Hex       14%        N/A       82%         3
 Hailstorm                Conj/Ice       7%         3d4       82%         3
 Volatile Blastmotes      Fire/Tloc      2%         2d10      95%         3
 Iskenderun's Mystic Bla  Conj/Tloc      7%         2d4       99%         4
 Alistair's Intoxication  Tmut/Pois      0%         N/A       100%        5
 Starburst                Conj/Fire      3%         6d3       100%        6


Dungeon Overview and Level Annotations

Branches:
Dungeon (8/15)             Temple (1/1) D:5         Ossuary (visited)
   Lair: D:8-11

Altars:
Ashenzari
Cheibriados
Dithmenos
Fedhas
Gozag
Hepliaklqana
Kikubaaqudgha
Makhleb
Nemelex Xobeh
Okawaru
Qazlal
Ru
Sif Muna
Trog
Uskayaw
Vehumet
Wu Jian
Xom
Yredelemnul

Shops:
D:2 !


Innate Abilities, Weirdness & Mutations

You have large cloven feet.
You are mostly covered in thin metallic scales. (AC +3)
Your demonic aura often causes spilled blood to erupt in flames.
You regenerate a little health from kills.


Message History

There are monsters nearby!
A bullfrog comes into view.
The bullfrog gives a loud, deep croak!
The wight closely misses you.
The wight hits you from afar with a +4 halberd!
You feel drained.
The wight hits you from afar with a +4 halberd.
The wight closely misses you.
The wight hits you from afar with a +4 halberd!
You feel drained. The wight hits you with a +4 halberd!
You closely miss the wight. You kick the wight, but do no damage.
The wight hits you with a +4 halberd.
You barely miss the wight. You kick the wight.
The wight is moderately damaged.
You slash the wight! Your kick misses the wight.
The wight is severely damaged.
The wight hits you with a +4 halberd.
You feel drained.
You hit the wight. You kick the wight.
You destroy the wight!
You barely miss the bullfrog. Your kick misses the bullfrog.
The bullfrog closely misses you. The bullfrog completely misses you.
You barely miss the bullfrog. Your kick misses the bullfrog.
The bullfrog snags a nearby moth with its tongue.
The bullfrog barely misses you.
You barely miss the bullfrog. You kick the bullfrog.
The bullfrog is lightly wounded.
The bullfrog hits you.
You slash the bullfrog!
The bullfrog seems to slow down.
You freeze the bullfrog. You kick the bullfrog.
The bullfrog is severely wounded.
The bullfrog is engulfed in blazing flames.
You kill the bullfrog!
The wight hits you with a +1 scimitar of electrocution!
* * * LOW HITPOINT WARNING * * *
You feel drained.
* * * LOW HITPOINT WARNING * * *
You are electrocuted!!
You die...
Your body crumbles into a pile of gold.

...# # ##.# #. # .### # #
..# ##.# #.# ...# #.#
#### #.# #+#. ...# #°#
#.... ##.# ### #@# #.....
##.# ##.###z##......
##.########...##.#.......
..............)).........
..)....####....$.........
.#.###.# ##.#.#<##......
...# #.# ###.#.# .../..
#..# #.# #.#.# #...# #..#
#.# ....# #+##


You could see a wight.

Vanquished Creatures
  A troll (D:7)
  2 steam dragons (D:7)
  A water moccasin (D:6)
  5 ice beasts
  A black bear (D:6)
  A sky beast (D:7)
  6 centaurs
  A phantom (D:5)
  3 kobold brigands (D:8)
  5 bullfrogs
  3 elf zombies (Ossuary)
  A scorpion (D:4)
  14 wights
  A howler monkey (D:5)
  A centaur zombie (Ossuary)
  2 orc priests (D:7)
  3 hounds
  3 jellies
  4 iguanas
  4 orc wizards
  Terence (D:2)
  3 mummies (Ossuary)
  2 adders (D:4)
  2 white imps
  5 adder zombies (Ossuary)
  2 worms
  A dart slug (D:2)
  22 orcs
  4 ball pythons
  3 bats (D:2)
  4 endoplasms
  6 goblins
  5 hobgoblins
  8 jackals (D:5)
  15 kobolds
  A quokka (D:3)
  5 frilled lizards
  A gnoll zombie (Ossuary)
  8 goblin zombies (Ossuary)
  5 hobgoblin zombies (Ossuary)
  3 jackal zombies (Ossuary)
  3 kobold zombies (Ossuary)
  3 orc zombies (Ossuary)
  2 quokka zombies (Ossuary)
  6 rats
  3 rat zombies (Ossuary)
185 creatures vanquished.

Notes
Turn   | Place    | Note
-------+----------+-------------------------------------------
     0 | D:1      | Maxmaps the Demonspawn Reaver began the quest for the Orb.
     0 | D:1      | Reached XP level 1. HP: 16/16 MP: 3/3
   101 | D:1      | Reached skill level 3 in Long Blades
   198 | D:1      | Found a faded altar of an unknown god.
   284 | D:1      | Gained mutation: You are partially covered in thin metallic
                  | scales. (AC +2) [demonic ancestry]
   284 | D:1      | Reached XP level 2. HP: 17/22 MP: 5/5
  1268 | D:2      | Gained mutation: You have large cloven feet. [demonic
                  | ancestry]
  1268 | D:2      | Reached XP level 3. HP: 26/27 MP: 6/6
  1477 | D:2      | Found Geviste's Distillery.
  1508 | D:2      | Noticed Terence
  1515 | D:2      | Killed Terence
  1516 | D:2      | Reached skill level 4 in Long Blades
  1648 | D:3      | Gained mutation: Your demonic aura sometimes causes spilled
                  | blood to erupt in flames. [demonic ancestry]
  1648 | D:3      | Reached XP level 4. HP: 25/33 MP: 7/7
  1750 | D:3      | Identified the +1 mace of Anguish {vamp, Fly rElec rN+++
                  | Dex-3}
  2635 | D:4      | Noticed a scorpion
  2646 | D:4      | Killed a scorpion
  2647 | D:4      | Reached skill level 5 in Long Blades
  2647 | D:4      | Gained mutation: You regenerate a little health from kills.
                  | [demonic ancestry]
  2647 | D:4      | Reached XP level 5. HP: 23/38 MP: 8/8
  2736 | D:4      | Reached skill level 6 in Long Blades
  3188 | D:4      | Reached XP level 6. HP: 44/44 MP: 9/9
  3468 | D:5      | Entered Level 5 of the Dungeon
  3639 | D:5      | Found a staircase to the Ecumenical Temple.
  3730 | Temple   | Entered the Ecumenical Temple
  3999 | Temple   | Became a worshipper of Gozag Ym Sagoz the Greedy
  4135 | D:5      | Reached skill level 7 in Long Blades
  4221 | D:5      | Reached XP level 7. HP: 48/50 MP: 10/10
  4604 | D:6      | Reached skill level 8 in Long Blades
  5046 | D:6      | Reached skill level 9 in Long Blades
  5046 | D:6      | Gained mutation: Your demonic aura often causes spilled
                  | blood to erupt in flames. [demonic ancestry]
  5046 | D:6      | Reached XP level 8. HP: 13/56 MP: 11/11
  5642 | D:7      | Reached skill level 10 in Long Blades
  5936 | D:7      | Found a sand-covered staircase.
  6004 | Ossuary  | Entered an ossuary
  6122 | Ossuary  | Reached skill level 11 in Long Blades
  6210 | Ossuary  | Reached XP level 9. HP: 61/61 MP: 12/12
  6653 | D:7      | Noticed a troll
  6663 | D:7      | Killed a troll
  6729 | D:7      | Reached skill level 12 in Long Blades
  7213 | D:7      | Found a sacrificial altar of Ru.
  7213 | D:7      | Found a faded altar of an unknown god.
  7244 | D:7      | Found a stormy altar of Qazlal.
  7246 | D:7      | Found a faded altar of an unknown god.
  7624 | D:8      | Identified the +7 scale mail of Dithmenos's Generosity
                  | {rF++}
  7842 | D:8      | Reached skill level 13 in Long Blades
  7977 | D:8      | Gained mutation: You are mostly covered in thin metallic
                  | scales. (AC +3) [demonic ancestry]
  7977 | D:8      | Reached XP level 10. HP: 42/66 MP: 13/13
  8076 | D:8      | Slain by a wight

Illustrated notes

Levels and vault maps discovered:
D:1:      heliophobic_arrival_henge, layout_basic,
          dreamdust_ecumenical_altar_angels_and_demons
D:2:      layout_loops_ring, serial_shops, shop_fountains, uniq_terence
D:3:      layout_loops_cross, st_stairs_2
D:4:      layout_basic
D:5:      layout_rooms, temple_fountains
D:6:      layout_rooms
D:7:      layout_basic, chequers_temple_overflow_minitemple,
          nicolae_ossuary_entry_false_entrances
D:8:      minmay_the_grid_four_pointed_star
          [minmay_the_grid_triangle_9x9_dagger,
          minmay_the_grid_triangle_9x9_skeleton,
          minmay_the_grid_triangle_9x9_impossible_snake,
          minmay_the_grid_triangle_9x9_thin_v,
          minmay_the_grid_prize_inner_circle], layout_loops_corners,
          serial_shops, shop, minivault_26
Temple:   nicolae_temple_bog_church

Skill      XL: |  1  2  3  4  5  6  7  8  9 |
---------------+----------------------------+-----
Long Blades    | 3 4 5 6 7 9 11 13 | 13.4
Fighting       | |  2.0
Dodging        | |  1.7
Spellcasting   | |  2.0
Conjurations   | |  3.0

Action                     |  1- 3 |  4- 6 |  7- 9 | 10-12 || total
---------------------------+-------+-------+-------+-------++-------
  Melee: Falchion          |    36 |       |       |       ||    36
         Dagger            |    55 |       |       |       ||    55
         Long sword        |    19 |   170 |   106 |       ||   295
         Kick              |     6 |    38 |   114 |     5 ||   163
         Punch             |       |       |     6 |       ||     6
         Scimitar          |       |       |   296 |     8 ||   304
    Use: Scroll            |     7 |     4 |     1 |       ||    12
         Potion            |       |       |    11 |       ||    11
   Stab: Sleeping          |     1 |       |       |       ||     1
         Distracted        |       |     1 |       |       ||     1
 Armour: Leather armour    |    15 |       |       |       ||    15
         Ring mail         |    10 |       |       |       ||    10
         Scale mail        |     5 |   103 |   185 |       ||   293
         Skin              |       |       |     2 |       ||     2
  Dodge: Dodged            |    47 |    82 |   196 |     5 ||   330

Table legend: (Time is in decaauts)
 A = Elapsed time spent in this place.
 B = Non-inter-level travel time spent in this place.
 C = Inter-level travel time spent in this place.
 D = Time resting spent in this place.
 E = Time spent auto-exploring this place.
 F = Levels seen in this place.
 G = Mean time per level.
                   A        B        C        D        E       F      G
               +--------+--------+--------+--------+--------+-----+--------+
         Total |   8058 |   7705 |    353 |    963 |   5412 |  10 |  805.8 |
       Dungeon |   7444 |   7125 |    319 |    963 |   5003 |   8 |  930.5 |
        Temple |    295 |    262 |     33 |      0 |    247 |   1 |  295.0 |
       Ossuary |    319 |    319 |      0 |      0 |    162 |   1 |  319.0 |
               +--------+--------+--------+--------+--------+-----+--------+

Top non-repeatable levels by time:
     D:7: 1630 daAuts
     D:6: 1256 daAuts
     D:4: 1128 daAuts
     D:2: 817 daAuts
     D:1: 795 daAuts
     D:3: 724 daAuts
     D:5: 620 daAuts
     D:8: 471 daAuts
 Ossuary: 319 daAuts
  Temple: 295 daAuts
